 Dungeon Crawl Stone Soup version 0.18-a0-1562-gac8da35 (webtiles) character file.

1360 dvd the Thaumaturge (level 8, -8/42 HPs)
             Began as a Deep Elf Fire Elementalist on Mar 13, 2016.
             Shot with an arrow by a centaur (12 damage)
             ... on level 7 of the Dungeon.
             The game lasted 00:18:47 (5979 turns).

dvd the Thaumaturge (Deep Elf Fire Elementalist)    Turns: 5979, Time: 00:18:47

Health: -8/42      AC:  5    Str:  4 (5)  XL:     8   Next: 37%
Magic:  3/22       EV: 14    Int: 21 (23) God:
Gold:   348        SH:  0    Dex: 15      Spells: 4 memorised, 11 levels left

rFire  . . .     SeeInvis .     u - +3 short sword
rCold  + . .     Gourm    .     a - +0 robe
rNeg   . . .     Faith    .     (no shield)
rPois  .         Spirit   .     j - +2 helmet
rElec  .         Dismiss  .     (no cloak)
rCorr  .         Reflect  .     (no gloves)
SustAt .         Harm     .     (no boots)
MR     .....                    m - amulet of magic regeneration
Stlth  ++........               H - ring of flight
                                G - ring of protection from cold

@: lethally poisoned (-8 -> -9), not resistant to hostile enchantments,
unstealthy
A: regeneration 1
a: Evoke Flight


You were on level 7 of the Dungeon.
You were near starving.

You visited 2 branches of the dungeon, and saw 8 of its levels.

You collected 348 gold pieces.

Inventory:

Hand Weapons
 d - a +2 whip of draining
 u - a +3 short sword (weapon)
 J - a +0 dagger of venom
Armour
 a - a +0 robe (worn)
 j - a +2 helmet (worn)
Jewellery
 m - an amulet of magic regeneration (around neck)
 x - an uncursed amulet of dismissal
 G - a ring of protection from cold (left hand)
 H - a ring of flight (right hand)
Wands
 p - a wand of random effects (24/48)
 w - a wand of paralysis (20/24)
 D - a wand of enslavement (18/24)
Scrolls
 e - a scroll of teleportation
 f - 3 scrolls of identify
 h - a scroll of fog
 s - 2 scrolls of fear
 y - 8 scrolls of remove curse
Potions
 g - a potion of curing
 k - 2 potions of haste
 l - 2 potions of brilliance
 v - 2 potions of might
Books
 b - a book of Flames

   Spells                             Type                      Level
   a - Flame Tongue                   Conjuration/Fire             1
   b - Throw Flame                    Conjuration/Fire             2
   c - Conjure Flame                  Conjuration/Fire             3
   d - Inner Flame                    Hexes/Fire                   3
   e - Sticky Flame                   Conjuration/Fire             4
   f - Fireball                       Conjuration/Fire             5
 C - a Fen Folio

   Spells                             Type                      Level
   a - Corpse Rot                     Necromancy                   2
   b - Stone Arrow                    Conjuration/Earth            3
   c - Leda's Liquefaction            Hexes/Earth                  4
   d - Summon Forest                  Summoning/Translocation      5
   e - Hydra Form                     Transmutation                6
   f - Summon Hydra                   Summoning                    7
Comestibles
 c - 9 bread rations
 i - 2 meat rations
 o - 4 fruits
 B - a beef jerky


   Skills:
 + Level 0.7 Fighting
 + Level 4.3 Dodging
 + Level 3.3 Stealth
 + Level 8.4 Spellcasting
 + Level 5.6 Conjurations
 + Level 6.7 Fire Magic


You had 11 spell levels left.
You knew the following spells:

 Your Spells              Type           Power        Failure   Level  Hunger
a - Flame Tongue          Conj/Fire      ####.        1%          1    None
b - Throw Flame           Conj/Fire      ####..       1%          2    None
c - Sticky Flame          Conj/Fire      ####....     8%          4    ###....
d - Fireball              Conj/Fire      ####......   21%         5    #####..


Dungeon Overview and Level Annotations

Branches:
Dungeon (7/15)             Temple (1/1) D:5

Altars:
Ashenzari
Cheibriados
Dithmenos
Elyvilon
Fedhas
Gozag
Makhleb
Nemelex Xobeh
Okawaru
Pakellas
Qazlal
Ru
Trog
Xom
Yredelemnul
Zin
The Shining One

Shops:
D:4 !}

Annotations:
D:4 Sagrath01's ghost, amateur DsGl


Innate Abilities, Weirdness & Mutations

Your natural rate of healing is unusually fast.


Message History

Press: ? - help, Shift-Dir - straight line, f - killer bee, p - killer bee
Aim: a killer bee (almost dead)
The flame tongue hits the killer bee.
You kill the killer bee!
You feel sick.
The killer bee burns!
The killer bee barely misses you. The killer bee stings you!
Unknown command.
Casting: Flame Tongue
Confirm with . or Enter, or press ? or * to list all spells.
You don't have enough magic to cast that spell.
Unknown command.
The killer bee burns!
You kill the killer bee!
You feel your dexterity returning.
The centaur shoots an arrow.
The arrow hits you!
* * * LOW HITPOINT WARNING * * *
You see here an arrow.
You feel sick.
The centaur shoots an arrow.
The arrow hits you!
You die...

#.#....>...
#.#........
#......."..
###.#........ .#
...........<
#...###.#c.......
#....%.(.†..††..
##..##.#<†..†...
#.....@#.c......
#....############
.##. #


You could see a centaur.

Vanquished Creatures
  A phantom (D:5)
  2 ogres
  2 centaurs (D:5)
  2 scorpions (D:5)
  6 killer bees (D:7)
  A crimson imp (D:6)
  A jelly (D:6)
  An orc priest (D:6)
  2 hounds
  A centaur skeleton (D:4)
  Ijyb (D:2)
  Jessica (D:2)
  2 orc wizards
  4 worker ants
  4 adders
  3 shadow imps
  An ooze (D:1)
  3 adder skeletons
  An adder zombie (D:5)
  3 worms
  3 dart slugs (D:2)
  2 giant geckos
  14 orcs
  5 bats
  5 giant cockroaches
  11 goblins
  6 hobgoblins
  13 jackals
  4 quokkas
  A ball python (D:3)
  A giant gecko skeleton (D:4)
  A giant gecko zombie (D:5)
  6 giant newts
  5 kobolds
  A quokka skeleton (D:6)
  6 rats
126 creatures vanquished.

Notes
Turn   | Place    | Note
--------------------------------------------------------------
     0 | D:1      | dvd the Deep Elf Fire Elementalist began the quest for the Orb.
     0 | D:1      | Reached XP level 1. HP: 10/10 MP: 6/6
   241 | D:1      | Reached XP level 2. HP: 10/15 MP: 0/8
   384 | D:1      | Learned a level 2 spell: Throw Flame
   792 | D:1      | Reached XP level 3. HP: 19/19 MP: 7/10
  1008 | D:1      | Found a snail-covered altar of Cheibriados.
  1623 | D:2      | Reached skill level 4 in Spellcasting
  1794 | D:2      | Noticed Ijyb
  1806 | D:2      | Killed Ijyb
  1806 | D:2      | Reached XP level 4. HP: 12/24 MP: 0/12
  1813 | D:2      | Noticed Jessica
  2335 | D:2      | Killed Jessica
  2335 | D:2      | Reached XP level 5. HP: 28/28 MP: 10/14
  2351 | D:2      | Learned a level 4 spell: Sticky Flame
  2574 | D:3      | Found an iron altar of Okawaru.
  2574 | D:3      | Found a white marble altar of Elyvilon.
  3396 | D:4      | Reached skill level 5 in Spellcasting
  3592 | D:4      | Noticed an ogre
  3598 | D:4      | Killed an ogre
  3598 | D:4      | Reached skill level 5 in Fire Magic
  3598 | D:4      | Reached XP level 6. HP: 33/33 MP: 8/16
  3770 | D:4      | Noticed Sagrath01's ghost (amateur DsGl)
  3790 | D:4      | Found Taac's Gadget Shoppe.
  4040 | D:4      | Found Leuhuddu's Distillery.
  4382 | D:5      | Entered Level 5 of the Dungeon
  4460 | D:5      | Found a staircase to the Ecumenical Temple.
  4465 | D:5      | Reached skill level 6 in Spellcasting
  4478 | Temple   | Entered the Ecumenical Temple
  4753 | D:5      | Reached XP level 7. HP: 37/37 MP: 1/18
  4821 | D:5      | Learned a level 5 spell: Fireball
  5032 | D:5      | Reached skill level 7 in Spellcasting
  5265 | D:6      | Found an oddly glowing altar of Pakellas.
  5627 | D:6      | Reached skill level 5 in Conjurations
  5627 | D:6      | Reached XP level 8. HP: 42/42 MP: 16/21
  5776 | D:6      | Found a shimmering altar of Xom.
  5776 | D:6      | Found a snail-covered altar of Cheibriados.
  5818 | D:6      | Gained mutation: Your natural rate of healing is unusually fast. [potion of beneficial mutation]
  5867 | D:6      | Found a glowing silver altar of Zin.
  5972 | D:7      | Reached skill level 8 in Spellcasting
  5979 | D:7      | Shot with an arrow by a centaur

Vault maps used:
D:1:      dpeg_arrival_long_road, cheibriados_altar_1
D:2:      uniq_jessica, uniq_iyjb
D:3:      gammafunk_temple_overflow_elements, first_bread
D:4:      serial_shops, shop, nicolae_shop_behind_doors
D:5:      temple_statues
D:6:      zin_statuary, nicolae_overflow_hidden_temple, basic_altar,
          serial_glass, glass_columns_b, glass_columns_c
D:7:      grunt_ogre_cave, uniq_joseph
Temple:   oiseaux_autumnal_temple_12

Skill      XL: |  1  2  3  4  5  6  7  8 |
---------------+-------------------------+-----
Fire Magic     | 4 5 6 |  6.7
Spellcasting   | 4 5 6 7 8 |  8.4
Dodging        | 3 4 |  4.3
Conjurations   | 2 3 5 |  5.6
Stealth        | 3 |  3.3
Fighting       | |  0.7

Action                   |  1- 3 |  4- 6 |  7- 9 || total
-------------------------+-------+-------+-------++-------
Melee: Unarmed           |     1 |       |       ||     1
       Whip              |     1 |     3 |       ||     4
       Short sword       |       |     4 |    13 ||    17
 Cast: Flame Tongue      |    55 |    49 |    22 ||   126
       Throw Flame       |    17 |    52 |    30 ||    99
       Sticky Flame      |       |     9 |     8 ||    17
       Fireball          |       |       |     4 ||     4
  Use: Scroll            |     2 |     1 |     8 ||    11
       Potion            |       |     2 |     6 ||     8
 Stab: Sleeping          |     1 |     1 |       ||     2
  Eat: Chunk             |     3 |    10 |     4 ||    17
